 Dungeon Crawl Stone Soup version 0.22-a0-608-g8a62e23 (webtiles) character file.

74 Mamutox the Cudgeler (level 4, 0/44 HPs)
             Began as a Troll Monk on July 9, 2018.
             Slain by a gnoll
             ... wielding a +0 spear
              (8 damage)
             ... on level 2 of the Dungeon.
             The game lasted 00:02:35 (1125 turns).

Mamutox the Cudgeler (Troll Monk)                   Turns: 1125, Time: 00:02:35

Health: 0/44       AC:  5    Str: 19    XL:     4   Next: 9%
Magic:  3/3        EV: 11    Int:  6    God:
Gold:   80         SH:  0    Dex: 13    Spells: 3/3 levels left

rFire    . . .     SeeInvis .   a - +0 mace
rCold    . . .     Gourm    +   (no shield)
rNeg     . . .     Faith    .   b - +0 robe
rPois    .         Spirit   .   (helmet restricted)
rElec    .         Reflect  .   (no cloak)
rCorr    .         Harm     .   (gloves unavailable)
MR       .....                  (boots unavailable)
Stlth    ++........             (no amulet)
HPRegen  0.54/turn              (no ring)
MPRegen  0.08/turn              (no ring)

@: no status effects
A: large, unfitting armour, claws 3, fast metabolism 3, gourmand, regeneration
1, shaggy fur 1, tough skin 2
a: no special abilities


You were on level 2 of the Dungeon.
You were near starving.

You visited 1 branch of the dungeon, and saw 2 of its levels.

You collected 80 gold pieces.

Inventory:

Hand Weapons
 a - a +0 mace (weapon)
Missiles
 g - 4 tomahawks (quivered)
Armour
 b - a +0 robe (worn)
Jewellery
 j - an uncursed ring of protection from fire {unknown}
Scrolls
 e - 3 scrolls of identify {unknown}
 f - 2 scrolls of teleportation {unknown}
 i - 4 scrolls of remove curse {unknown}
 m - a scroll of magic mapping {unknown}
 n - 2 scrolls of fear {unknown}
Potions
 d - a potion of heal wounds {unknown}
 h - a potion of ambrosia {unknown}
 k - a potion of curing {unknown}
 l - a potion of mutation {unknown}
 o - 2 potions of degeneration {unknown}
Comestibles
 c - 3 rations


   Skills:
 - Level 2.6 Fighting
 + Level 4.0 Maces & Flails
 - Level 2.8 Dodging
 - Level 1.0 Stealth


You had 3 spell levels left.
You didn't know any spells.
Your spell library was empty.

Dungeon Overview and Level Annotations

Branches:
Dungeon (2/15)

Altars:
Sif Muna


Innate Abilities, Weirdness & Mutations

You are too large for most types of armour.
You have claws for hands.
Your metabolism is lightning-fast.
You like to eat raw meat.
Your natural rate of healing is unusually fast.
You are covered in fur. (AC +1)
You have very tough skin. (AC +2)


Message History

You hit the gnoll.
The gnoll is almost dead.
The gnoll hits you with a spear.
* * * LOW HITPOINT WARNING * * *
You barely miss the gnoll.
The gnoll is almost dead.
The gnoll barely misses you.
You barely miss the gnoll.
The gnoll is almost dead.
The gnoll hits you with a spear.
* * * LOW HITPOINT WARNING * * *
The gnoll hits you with a spear.
* * * LOW HITPOINT WARNING * * *
You closely miss the gnoll.
The gnoll is almost dead.
The gnoll completely misses you.
You closely miss the gnoll.
The gnoll is almost dead.
The gnoll hits you with a spear!
You die...

#.# #.# # #.###.## #.# .
#......# #.# #.#.###..#
#.# #.#.###..## #.#
#.#.#.....#######.# #
###.................##.###
......#......#####.......#
###.#>#........)@g.....).#
...#.#......#####.#.......
## #.#####.## #.#...[.#.
#.# #.# #.#....$# #.#
#.#### #.....g... #.#
#....# ##########
##.########.# #.รท...# #.#
#..##.# #.#


You could see a gnoll.

Vanquished Creatures
  3 gnolls (D:2)
  An adder (D:2)
  2 oozes (D:2)
  A dart slug (D:1)
  A leopard gecko (D:2)
  3 giant cockroaches (D:1)
  3 goblins (D:1)
  A hobgoblin (D:2)
  5 kobolds
  3 bats (D:1)
  A frilled lizard (D:2)
24 creatures vanquished.

Notes
Turn   | Place    | Note
-------+----------+-------------------------------------------
     0 | D:1      | Mamutox the Troll Monk began the quest for the Orb.
     0 | D:1      | Reached XP level 1. HP: 22/22 MP: 0/0
   170 | D:1      | Reached XP level 2. HP: 29/29 MP: 1/1
   673 | D:2      | Reached skill level 3 in Maces & Flails
   764 | D:2      | Found a deep blue altar of Sif Muna.
   819 | D:2      | Reached XP level 3. HP: 34/36 MP: 2/2
  1117 | D:2      | Reached skill level 4 in Maces & Flails
  1117 | D:2      | Reached XP level 4. HP: 33/44 MP: 3/3
  1125 | D:2      | Slain by a gnoll

Vault maps used:
D:1:      nicolae_arrival_somewhat_less_tricky_arrival, nrook_loot_triangle
D:2:      nicolae_overflow_crystal_walls, kennysheep_generic_room_8

Skill      XL: |  1  2  3 |
---------------+----------+-----
Maces & Flails | 3 4 |  4.0
Fighting       | |  2.6
Dodging        | |  2.8
Stealth        | |  1.0

Action                   |  1- 3 |  4- 6 || total
-------------------------+-------+-------++-------
Melee: Mace              |   100 |     7 ||   107
 Stab: Sleeping          |     2 |       ||     2
  Eat: Chunk             |     6 |       ||     6
Armor: Robe              |    44 |       ||    44
Dodge: Dodged            |    68 |     4 ||    72

Table legend:
 A = Spawn XP
 B = Non-spawn XP
 C = Spawn XP percentage of total XP
 D = Spawn monster count
 E = Non-spawn monster count
 F = Spawn count percentage of total count
 G = Total turns spent on level
                    A         B        C        D         E        F      G
               +---------+---------+-------+---------+---------+-------+---------
         Total |       0 |     106 |   0.0 |       0 |      24 |   0.0 |  1125
               +---------+---------+-------+---------+---------+-------+---------
           D:1 |       0 |      25 |   0.0 |       0 |      13 |   0.0 |   630
           D:2 |       0 |      81 |   0.0 |       0 |      11 |   0.0 |   495
               +---------+---------+-------+---------+---------+-------+---------
